 Dungeon Crawl Stone Soup version 0.28-a0-1404-g4df0f3684d (webtiles) character file.

Game seed: 5264238045155948387

28 innerfire433 the Skirmisher (level 3, -2/29 HPs)
             Began as a Demonspawn Abyssal Knight on Jan 5, 2022.
             Was a Follower of Lugonu.
             Slain by a worm (9 damage)
             ... on level 2 of the Dungeon.
             The game lasted 00:02:09 (1165 turns).

innerfire433 the Skirmisher (DsAK)                  Turns: 1165, Time: 00:02:10

Health: -2/29      AC:  3    Str: 15    XL:     3   Next: 0%
Magic:  4/4        EV: 11    Int: 11    God:    Lugonu [*.....]
Gold:   26         SH:  0    Dex: 13    Spells: 2/2 levels left

rFire   + . .      SeeInvis .   a - +1 spear
rCold   . . .      Faith    .   (no shield)
rNeg    . . .      Spirit   .   b - +0 leather armour
rPois   .          Reflect  .   (no helmet)
rElec   .          Harm     .   (no cloak)
rCorr   .          Rampage  .   (no gloves)
Will    .....                   (no boots)
Stlth   +.........              (no amulet)
HPRegen 0.09/turn               f - ring of protection from fire
MPRegen 0.18/turn               (no ring)

@: no status effects
A: magic regeneration
a: Renounce Religion, Depart the Abyss


You were on level 2 of the Dungeon.
You worshipped Lugonu.
Lugonu was aware of your devotion.
You visited 1 branch of the dungeon, and saw 2 of its levels.
You visited the Abyss 1 time.

You collected 26 gold pieces.

Inventory:

Hand Weapons
 a - a +1 spear (weapon)
Armour
 b - a +0 leather armour (worn)
Magical Staves
 j - a staff of earth
Jewellery
 f - a ring of protection from fire (left hand)
Scrolls
 c - 2 scrolls of vulnerability {unknown}
 e - 2 scrolls of enchant armour {unknown}
 h - a scroll of fear {unknown}
Potions
 d - 2 potions of curing {unknown}
 g - 3 potions of heal wounds {unknown}
 i - a potion of cancellation {unknown}
 k - a potion of might {unknown}


   Skills:
 + Level 3.5 Fighting
 + Level 2.1 Polearms
 + Level 2.0 Armour
 + Level 1.2 Dodging
 + Level 0.2 Stealth
 + Level 2.6 Invocations


You had 2 spell levels left.
You didn't know any spells.
Your spell library was empty.

Dungeon Overview and Level Annotations

Branches:
Dungeon (2/15)

Altars:

Shops:
D:1 (*:*:


Innate Abilities, Weirdness & Mutations

You regenerate magic rapidly.


Message History

You are too injured to fight recklessly!
You are too injured to fight recklessly!
You are too injured to fight recklessly!
You are too injured to fight recklessly!
You are too injured to fight recklessly!
You are too injured to fight recklessly!
You are too injured to fight recklessly!
You are too injured to fight recklessly!
You are too injured to fight recklessly!
You are too injured to fight recklessly!
You are too injured to fight recklessly!
You are too injured to fight recklessly!
You are too injured to fight recklessly!
You are too injured to fight recklessly!
You are too injured to fight recklessly!
You are too injured to fight recklessly!
You are too injured to fight recklessly!
You are too injured to fight recklessly!
You are too injured to fight recklessly!
You are too injured to fight recklessly!
You are too injured to fight recklessly!
You are too injured to fight recklessly!
You are too injured to fight recklessly!
You are too injured to fight recklessly!
You are too injured to fight recklessly!
You barely miss the worm.
The worm is moderately wounded.
You barely miss the worm.
The worm is moderately wounded.
The worm bites you.
* * * LOW HITPOINT WARNING * * *
You hit the worm.
The worm is moderately wounded.
You barely miss the worm.
The worm is moderately wounded.
The worm closely misses you.
You hit the worm.
The worm is heavily wounded.
The worm bites you!
You die...

....
..#
..#
..#
#.#
#.#
#w#
#@#
#.#
#.#
#.#
#.#
#.#
#.##
#..#
#..###


You could see a worm.

Vanquished Creatures
  A worm (D:2)
  2 dart slugs (D:1)
  2 endoplasms
  3 giant cockroaches (D:1)
  2 goblins (D:1)
  2 hobgoblins (D:1)
  2 ball pythons (D:1)
  A bat (D:1)
  A frilled lizard (D:1)
  3 kobolds (D:1)
  3 rats (D:1)
22 creatures vanquished.

Notes
Turn   | Place    | Note
-------+----------+-------------------------------------------
     0 | Abyss:1  | innerfire433 the Demonspawn Abyssal Knight began the quest
                  | for the Orb.
     0 | Abyss:1  | Reached XP level 1. HP: 18/18 MP: 2/2
     0 | D:1      | Escaped the Abyss
    66 | D:1      | Reached * piety under Lugonu
   109 | D:1      | Reached skill level 1 in Dodging
   171 | D:1      | Found Kemn's Weapon Emporium.
   234 | D:1      | Gained mutation: You regenerate magic rapidly. [demonic
                  | ancestry]
   234 | D:1      | Reached XP level 2. HP: 24/24 MP: 3/3
   610 | D:1      | Found Rafuehus's Book Shop.
   671 | D:1      | Found Dipliet's General Store.
   845 | D:1      | Found Zoaj's Book Boutique.
   862 | D:1      | Found Haezovvo's Assorted Antiques.
  1136 | D:2      | Reached XP level 3. HP: 29/29 MP: 4/4
  1165 | D:2      | Slain by a worm

Illustrated notes

Levels and vault maps discovered:
D:1:      psy_arrival_radial01, layout_basic, serial_shops,
          nicolae_lakefront_shop, nicolae_shop_window_shopping,
          nicolae_shop_advertising_works [nicolae_subvault_shop_adworks],
          nicolae_shop_window_shopping, shop,
          hellmonk_ecumenical_altar_defaced_shrine
D:2:      layout_basic, basic_altar

Skill      XL: |  1  2 |
---------------+-------+-----
Dodging        | 1 |  1.2
Polearms       | 2 |  2.1
Armour         | 2 |  2.0
Fighting       | |  3.5
Stealth        | |  0.2
Invocations    | |  2.6

Action                   || total
-------------------------++-------
Melee: Spear             ||    75
Invok: Depart the Abyss  ||     1
 Stab: Distracted        ||     1
       Sleeping          ||     1
Armor: Leather armour    ||     9
Dodge: Dodged            ||    24

Table legend: (Time is in decaauts)
 A = Elapsed time spent in this place.
 B = Non-inter-level travel time spent in this place.
 C = Inter-level travel time spent in this place.
 D = Time resting spent in this place.
 E = Time spent auto-exploring this place.
 F = Levels seen in this place.
 G = Mean time per level.
                   A        B        C        D        E       F      G
               +--------+--------+--------+--------+--------+-----+--------+
         Total |   1164 |   1164 |      0 |      0 |    980 |   3 |  388.0 |
       Dungeon |   1164 |   1164 |      0 |      0 |    980 |   2 |  582.0 |
         Abyss |      0 |      0 |      0 |      0 |      0 |   1 |    0.0 |
               +--------+--------+--------+--------+--------+-----+--------+

Top non-repeatable levels by time:
     D:1: 919 daAuts
     D:2: 244 daAuts
